 Dungeon Crawl Stone Soup version 0.28-a0-724-g66f9036eb4 (webtiles) character file.

Game seed: 16525697706167910017

4204 bande the Cleaver (level 10, -1/63 HPs)
             Began as a Gargoyle Fighter on Oct 27, 2021.
             Was a Believer of Okawaru.
             Slain by a tengu warrior (2 damage)
             ... on level 7 of the Dungeon.
             The game lasted 00:19:10 (8957 turns).

bande the Cleaver (Gargoyle Fighter)                Turns: 8957, Time: 00:19:11

Health: -1/63      AC: 26    Str: 21    XL:     10   Next: 29%
Magic:  12/12      EV:  6    Int:  9    God:    Okawaru [**....]
Gold:   293        SH:  4    Dex:  9    Spells: 9/9 levels left

rFire   . . .      SeeInvis .   a - +1 war axe
rCold   . . .      Faith    .   c - +0 buckler
rNeg    + . .      Spirit   .   d - +0 plate armour
rPois   ∞          Reflect  .   i - +1 helmet
rElec   +          Harm     .   t - +0 cloak
rCorr   .          Rampage  .   (no gloves)
Will    .....                   (no boots)
Stlth   ..........              (no amulet)
HPRegen 0.20/turn               (no ring)
MPRegen 0.13/turn               (no ring)

@: flying, studying Stealth
A: sickness immunity, AC +7, negative energy resistance 1, electricity
resistance, torment resistance 1, petrification resistance, big wings,
iridescent scales 1, clumsy 1
a: Renounce Religion, Heroism


You were on level 7 of the Dungeon.
You worshipped Okawaru.
Okawaru was pleased with you.
You visited 2 branches of the dungeon, and saw 8 of its levels.
You also visited: Ossuary.

You collected 293 gold pieces.

Inventory:

Hand Weapons
 a - a +1 war axe (weapon)
 m - a +4 shortbow of flaming
 n - a +0 flail
Missiles
 s - 59 arrows
 v - a throwing net (quivered)
Armour
 c - a +0 buckler (worn)
 d - a +0 plate armour (worn)
 i - a +1 helmet (worn)
 t - a +0 cloak (worn)
Jewellery
 l - a ring of wizardry
 x - a +6 ring of dexterity
Wands
 o - a wand of digging (2)
 u - a wand of iceblast (9)
Scrolls
 f - a scroll of fog
 j - 3 scrolls of enchant armour
 q - a scroll of enchant weapon
Potions
 b - a potion of ambrosia
 e - a potion of curing
 g - a potion of haste
 h - a potion of cancellation
 k - 2 potions of brilliance {unknown}
 p - 5 potions of heal wounds
 r - 2 potions of flight
 w - 2 potions of degeneration {unknown}


   Skills:
 + Level 7.1 Fighting
 + Level 8.9 Axes
 + Level 7.6 Armour
 - Level 4.7 Shields
 * Level 3.7 Invocations
 * Level 4.9 Evocations


You had 9 spell levels left.
You didn't know any spells.
Your spell library contained the following spells:

 Spells                   Type           Power      Damage    Failure   Level
 Apportation              Tloc           0%         N/A       100%        1
 Ensorcelled Hibernation  Hex/Ice        0%         N/A       100%        2
 Static Discharge         Conj/Air       0%         N/A       100%        2
 Alistair's Intoxication  Tmut/Pois      0%         N/A       100%        5
 Lightning Bolt           Conj/Air       0%         1d11      100%        5
 Invisibility             Hex            0%         N/A       100%        6
 Orb of Destruction       Conj           0%         N/A       100%        7
 Maxwell's Capacitive Co  Air            0%         ∞         100%        8
 Summon Guardian Golem    Hex/Summ       Unusable   N/A       N/A         3
 Tukima's Dance           Hex            Unusable   N/A       N/A         3
 Spellforged Servitor     Conj/Summ      Unusable   N/A       N/A         7

Dungeon Overview and Level Annotations

Branches:
Dungeon (7/15)             Temple (1/1) D:5         Ossuary (visited)

Altars:
Ashenzari
Cheibriados
Dithmenos
Elyvilon
Makhleb
Okawaru
Qazlal
Ru
Sif Muna
Wu Jian
Xom
Yredelemnul
Zin
The Shining One
Beogh

Shops:
D:2 (


Innate Abilities, Weirdness & Mutations

You are immune to sickness and miasma.
Your stone body is resilient. (AC +7)
You are immune to poison.
You resist negative energy. (rN+)
You are resistant to electric shocks. (rElec)
You are resistant to unholy torment.
You are immune to petrification.
Your large and strong wings let you fly.
You are partially covered in iridescent scales. (AC +2)
You are clumsy. (Dex -2)


Message History

The tengu warrior barely misses you. You block the tengu warrior's attack.
Unknown command.
You miss the tengu warrior.
The tengu warrior is heavily wounded.
The tengu warrior hits you with a +0 great sword!
* * * LOW HITPOINT WARNING * * *
The tengu warrior pecks you but does no damage.
You block the tengu warrior's attack.
The tengu warrior hits you with a +0 great sword!
* * * LOW HITPOINT WARNING * * *
The tengu warrior pecks you but does no damage.
The tengu warrior claws you but does no damage.
You slash the tengu warrior!
The tengu warrior is severely wounded.
You lop one of the seven-headed hydra's heads off!
The six-headed hydra grows two more!
You hit the eight-headed hydra.
The eight-headed hydra barely misses you. x2
The eight-headed hydra bites you but does no damage. x2
You block the eight-headed hydra's attack.
The eight-headed hydra barely misses you.
The eight-headed hydra bites you but does no damage.
The eight-headed hydra barely misses you.
The tengu warrior hits you with a +0 great sword.
* * * LOW HITPOINT WARNING * * *
You block the tengu warrior's attack.
The tengu warrior claws you but does no damage.
You feel better. The eight-headed hydra bites you.
* * * LOW HITPOINT WARNING * * *
You block the eight-headed hydra's attack.
The eight-headed hydra bites you but does no damage.
The eight-headed hydra bites you.
* * * LOW HITPOINT WARNING * * *
The eight-headed hydra bites you.
* * * LOW HITPOINT WARNING * * *
The eight-headed hydra bites you.
* * * LOW HITPOINT WARNING * * *
You block the eight-headed hydra's attack.
The eight-headed hydra bites you but does no damage.
The tengu warrior hits you with a +0 great sword.
You die...

#[# ♣. ♣....#.. #.#
♣♣.♣ ♣.≈♣.#.. #.# ...
♣.≈..#.# ..# # # ##'##
### ♣.≈.♣#.# ..#
♣.♣.#...# ♣.♣ ♣..♣♣#.#
..#
.♣..♣...♣♣♣.♣♣♣♣.♣♣♣#..
....
....'<8>'..♣)..........
#.#.
♣..♣.D.♣♣♣.♣♣♣♣♣♣.♣#..
#.@.# ♣.♣ ♣...♣#..
##Q## ### ♣♣♣..#.# ♣J♣
♣..≈.#.#


SS{ ♣.≈≈.#.# ≈≈≈≈≈ ♣♣≈≈.#.# ≈≈≈≈≈≈≈ ♣..♣#Z# ...♣.♣... #### #####.##### ..# You
could see an eight-headed hydra, a tengu warrior, a jelly and 2 electric eels.

Vanquished Creatures
  Pikel (D:4)
  A komodo dragon (D:7)
  Maggie (D:6)
  A wraith (D:7)
  Duvessa (D:4)
  2 orc warriors
  2 sky beasts
  A black bear (D:5)
  A necrophage (D:4)
  3 ogres
  2 centaurs (D:5)
  A lemure (D:4)
  4 bullfrogs
  A gnoll sergeant (D:6)
  A kobold brigand (D:7)
  A wyvern zombie (D:7)
  Dowan (D:4)
  3 scorpions
  A killer bee (D:6)
  3 wights (D:6)
  2 howler monkeys (D:6)
  2 bullfrog zombies
  A centaur skeleton (D:7)
  6 orc priests
  4 hounds
  A jelly (D:5)
  2 gnoll shamans
  Ijyb (D:3)
  3 iguanas
  4 orc wizards
  A hound skeleton (D:4)
  A mummy (Ossuary)
  Robin (D:3)
  11 gnolls
  8 adders
  2 white imps (D:7)
  An ufetubus (D:4)
  An adder skeleton (D:3)
  An adder zombie (D:5)
  A worm (D:2)
  2 dart slugs (D:1)
  21 orcs
  7 spectral bats (Ossuary)
  9 ball pythons
  5 endoplasms
  5 giant cockroaches (D:1)
  12 gnoll zombies (Ossuary)
  14 goblins
  11 hobgoblins
  6 jackals
  9 kobolds
  3 quokkas (D:1)
  5 bats
  A bat simulacrum (Ossuary)
  2 frilled lizards
  3 goblin simulacra (Ossuary)
  9 goblin zombies (Ossuary)
  6 hobgoblin zombies (Ossuary)
  2 kobold simulacra (Ossuary)
  A kobold zombie (Ossuary)
  2 orc zombies (Ossuary)
  7 rats
  3 rat simulacra (Ossuary)
  4 spectral goblins (Ossuary)
  2 spectral kobolds (Ossuary)
  A spectral orc (D:3)
  2 spectral rats (Ossuary)
240 creatures vanquished.

Vanquished Creatures (others)
  3 plants (D:7)
3 creatures vanquished.

Grand Total: 243 creatures vanquished

Notes
Turn   | Place    | Note
-------+----------+-------------------------------------------
     0 | D:1      | bande the Gargoyle Fighter began the quest for the Orb.
     0 | D:1      | Reached XP level 1. HP: 14/14 MP: 1/1
   132 | D:1      | Reached XP level 2. HP: 16/19 MP: 2/2
   367 | D:1      | Reached skill level 2 in Axes
   499 | D:1      | Found a faded altar of an unknown god.
   781 | D:1      | Reached XP level 3. HP: 22/24 MP: 3/3
   837 | D:2      | Reached XP level 4. HP: 18/29 MP: 4/4
  1491 | D:2      | Found Gycis's Weapon Shop.
  1817 | D:3      | Reached skill level 3 in Axes
  1817 | D:3      | Reached XP level 5. HP: 33/34 MP: 5/5
  1858 | D:3      | Noticed Robin
  1905 | D:3      | Killed Robin
  2245 | D:3      | Found a sacrificial altar of Ru.
  2255 | D:3      | Noticed Ijyb
  2324 | D:3      | Killed Ijyb
  2332 | D:3      | Reached XP level 6. HP: 22/39 MP: 6/6
  3149 | D:3      | Reached skill level 4 in Axes
  3431 | D:3      | Found a basalt altar of Yredelemnul.
  3532 | D:4      | Noticed a necrophage
  3544 | D:4      | Killed a necrophage
  3545 | D:4      | Reached skill level 5 in Fighting
  3545 | D:4      | Reached XP level 7. HP: 38/44 MP: 7/7
  3634 | D:4      | Found a sand-covered staircase.
  3642 | Ossuary  | Entered an ossuary
  3701 | Ossuary  | Reached skill level 5 in Armour
  4362 | D:4      | Noticed Duvessa
  4363 | D:4      | Noticed Dowan
  4383 | D:4      | Killed Duvessa
  4384 | D:4      | Reached skill level 5 in Axes
  4384 | D:4      | Reached skill level 1 in Evocations
  4387 | D:4      | HP: 2/44 [Dowan (1)]
  4388 | D:4      | Killed Dowan
  4792 | D:4      | Noticed Pikel
  4804 | D:4      | Killed Pikel
  4805 | D:4      | Reached skill level 6 in Axes
  4805 | D:4      | Reached XP level 8. HP: 14/51 MP: 8/8
  5484 | D:5      | Entered Level 5 of the Dungeon
  5599 | D:5      | Gained mutation: You are clumsy. (Dex -2) [potion of
                  | mutation]
  5599 | D:5      | Gained mutation: Your large and strong wings let you fly.
                  | [potion of mutation]
  5599 | D:5      | Gained mutation: You are partially covered in iridescent
                  | scales. (AC +2) [potion of mutation]
  6102 | D:5      | Reached XP level 9. HP: 47/55 MP: 9/9
  6475 | D:5      | Found a staircase to the Ecumenical Temple.
  6480 | D:5      | Reached skill level 7 in Axes
  6499 | Temple   | Entered the Ecumenical Temple
  6765 | Temple   | Became a worshipper of Warmaster Okawaru
  7359 | D:6      | Noticed Maggie
  7370 | D:6      | Reached skill level 1 in Invocations
  7379 | D:6      | Killed Maggie
  7379 | D:6      | Reached * piety under Okawaru
  7648 | D:6      | Reached skill level 8 in Axes
  8273 | D:7      | Reached ** piety under Okawaru
  8286 | D:6      | Reached XP level 10. HP: 44/61 MP: 12/12
  8728 | D:7      | Found a shimmering altar of Xom.
  8729 | D:7      | Found a shimmering altar of Xom.
  8938 | D:7      | Noticed a tengu warrior
  8950 | D:7      | Noticed a seven-headed hydra
  8957 | D:7      | HP: 1/63 [eight-headed hydra (5)]
  8957 | D:7      | Slain by a tengu warrior

Illustrated notes

Levels and vault maps discovered:
D:1:      minmay_arrival_nine_rooms, layout_basic,
          hellmonk_ecumenical_altar_defaced_shrine
D:2:      layout_basic, serial_curves, eino_curves_01, eino_curves_01,
          serial_shops, shop, chequers_mini_garden, minmay_unequal
D:3:      cheibrodos_pilgrimage, layout_basic, mainiacjoe_overflow_24_doors,
          yredelemnul_forgotten_temple_becter, kennysheep_doodads, uniq_robin,
          uniq_ijyb
D:4:      layout_cave_pods, nicolae_ossuary_entry_ruins, uniq_duvessa,
          uniq_pikel
D:5:      layout_basic, minmay_temple_entry_large_hall
D:6:      layout_loops_cross, minmay_bent, uniq_maggie
D:7:      nzn_winding_woodlands_stair_cross [nzn_winding_woodlands_5x15_twine,
          nzn_winding_woodlands_center_pierced_h,
          nzn_winding_woodlands_5x15_pockets, nzn_winding_woodlands_hourglass,
          nzn_winding_woodlands_5x5_cross,
          nzn_winding_woodlands_5x15_river_crossing,
          nzn_winding_woodlands_center_lodge,
          nzn_winding_woodlands_5x15_pathside_ponds], layout_cave_pools,
          xom_redecorated
Temple:   minmay_temple_curvy_branch

Skill      XL: |  1  2  3  4  5  6  7  8  9 10 |
---------------+-------------------------------+-----
Axes           | 2 3 4 6 8 |  8.9
Fighting       | 4 5 6 7 |  7.1
Armour         | 4 5 6 7 |  7.6
Shields        | 4 |  4.7
Evocations     | 2 3 4 |  4.9
Invocations    | 3 |  3.7

Action                   |  1- 3 |  4- 6 |  7- 9 | 10-12 || total
-------------------------+-------+-------+-------+-------++-------
Melee: War axe           |    53 |   234 |   429 |   113 ||   829
  Use: Scroll            |       |     6 |    10 |       ||    16
       Potion            |       |     2 |     5 |     1 ||     8
Armor: Scale mail        |    29 |    48 |       |       ||    77
       Chain mail        |       |   172 |   236 |       ||   408
       Plate armour      |       |       |   140 |   105 ||   245
Dodge: Dodged            |    36 |   110 |   170 |    47 ||   363
Block: Buckler           |    14 |    62 |   113 |    28 ||   217

Table legend: (Time is in decaauts)
 A = Elapsed time spent in this place.
 B = Non-inter-level travel time spent in this place.
 C = Inter-level travel time spent in this place.
 D = Time resting spent in this place.
 E = Time spent auto-exploring this place.
 F = Levels seen in this place.
 G = Mean time per level.
                   A        B        C        D        E       F      G
               +--------+--------+--------+--------+--------+-----+--------+
         Total |   9160 |   9066 |     94 |   2039 |   4834 |   9 | 1017.8 |
       Dungeon |   8422 |   8328 |     94 |   2039 |   4363 |   7 | 1203.1 |
        Temple |    281 |    281 |      0 |      0 |    261 |   1 |  281.0 |
       Ossuary |    455 |    455 |      0 |      0 |    210 |   1 |  455.0 |
               +--------+--------+--------+--------+--------+-----+--------+

Top non-repeatable levels by time:
     D:3: 1913 daAuts
     D:5: 1668 daAuts
     D:4: 1315 daAuts
     D:6: 1233 daAuts
     D:2: 1138 daAuts
     D:1: 823 daAuts
 Ossuary: 455 daAuts
     D:7: 330 daAuts
  Temple: 281 daAuts
